cohdb
Replays
Latest Replays
All Replays
Popular Replays
Top Player Replays
Match Explorer
How It Works
Community
CoH3 Stats
Reddit
Sign in to upload your games and track your stats! →
Sign in with Steam
Match 42961060
Unlisted
Match 42961060
Overview
Messages
Build Orders
End
Construct Weapon Support Center
Mechanized Support Center
Selects Heavy Weapons
Selects Assault Carriers
Selects Exchangeable Parts
Selects M26 Pershing Heavy Tank
M26 Pershing Heavy Tank
Engineer Squad
Engineer Squad
M1919 Machine Gun Team
Improvised Armor
Engineer Squad
Bazooka Squad
Rapid Repairs
Improved M9 Bazooka Rockets
Bazooka Squad
Salvage Crew
Construct Tank Depot
Selects M2HB .50cal Heavy Machine Gun
Selects Gallant Stand
M3 Assault Carrier
Forward Retreat Point
M4(105) Sherman Bulldozer
Selects Black Dragon Artillery Barrage
Black Dragon Artillery Barrage
Black Dragon Artillery Barrage
Designate Forward Repair Station
M4A1 76mm Conversion
M4A1(76) Sherman Medium Tank
M4A1(76) Sherman Medium Tank
.
Alexanderwar
tonyke
Joker
RChicken
steam15558698719
Shakran2024
(KOBANÎ 1939)
0
0
Comments
sign in to comment!
No comments posted yet!